BR
QUINCY DOUGHBOYS @ YELLOWKNIFE CLAWS
08/21/2026
 
TOP OF THE 1ST
Quincy Doughboys batting - Pitching for Yellowknife Claws : RHP Mario Díaz
Pitching: RHP Mario Díaz
Batting: LHB Marv Gardner 0-0: Called Strike
0-1: Foul Ball, location: 2F
0-2: Ball
Single, Error in OF, E8, batter to second base
Batting: RHB Pedro Sandoval 0-0: Ball
1-0: Swinging Strike
1-1: Ball
2-1: Ground out 4-3 (Groundball, 4)
Marv Gardner to third
Batting: RHB Javier Martínez 0-0: Ground out 5-3 (Groundball, 56)
Marv Gardner scores
Batting: LHB Mario Álvarez 0-0: Foul Ball, location: 2F
0-1: Called Strike
0-2: Ball
1-2: Ball
2-2: SINGLE (Line Drive, 78S)
Batting: RHB Miguel Cervantes 0-0: Called Strike
0-1: Ball
1-1: Fly out, F6 (Popup, 4MS)
Top of the 1st over - 1 run(s), 2 hit(s), 1 error(s), 1 left on base; Quincy 1 - Yellowknife 0
BOTTOM OF THE 1ST
Yellowknife Claws batting - Pitching for Quincy Doughboys : RHP Leonardo De La Garza
Pitching: RHP Leonardo De La Garza
Batting: SHB José Castillo 0-0: Foul Ball, location: 2F
0-1: Swinging Strike
0-2: Foul Ball, location: 2F
0-2: Foul Ball, location: 2F
0-2: Ground out 6-3 (Groundball, 6)
Batting: RHB Scotty Hicks 0-0: Ball
1-0: Ball
2-0: Ball
3-0: Called Strike
3-1: Base on Balls
Batting: LHB Carter Sweet 0-0: Called Strike
0-1: Grounds into double play, 3-6-3 (Groundball, 3)
Bottom of the 1st over - 0 run(s), 0 hit(s), 0 error(s), 0 left on base; Quincy 1 - Yellowknife 0
TOP OF THE 2ND
Quincy Doughboys batting - Pitching for Yellowknife Claws : RHP Mario Díaz
Batting: RHB Ramón Gómez 0-0: Called Strike
0-1: Ball
1-1: Foul Ball, location: 2F
1-2: Ball
2-2: Fly out, F8 (Flyball, 8LS)
Batting: RHB Clifton Sturt 0-0: Called Strike
0-1: Called Strike
0-2: Ball
1-2: Ball
2-2: Strikes out swinging
Batting: RHB Orlando Márquez 0-0: Called Strike
0-1: Ball
1-1: Ball
2-1: Called Strike
2-2: SINGLE (Line Drive, 89M)
Batting: RHB Joel García 0-0: Ball
1-0: SINGLE (Line Drive, 7S)
Orlando Márquez to second
Batting: LHB Marv Gardner 0-0: Swinging Strike
0-1: SINGLE (Flyball, 8LS)
Orlando Márquez to third
Joel García to second
Runner from 3rd tries for Home, SAFE, throw made at trailing runner, SAFE at third!
Batting: RHB Pedro Sandoval 0-0: 3-RUN HOME RUN (Line Drive, 8LXD), Distance : 447 ft
Batting: RHB Javier Martínez 0-0: Ball
1-0: Ground out 6-3 (Groundball, 6)
Top of the 2nd over - 4 run(s), 4 hit(s), 0 error(s), 0 left on base; Quincy 5 - Yellowknife 0
BOTTOM OF THE 2ND
Yellowknife Claws batting - Pitching for Quincy Doughboys : RHP Leonardo De La Garza
Batting: SHB Héctor Padilla 0-0: Ball
1-0: Ball
2-0: Fly out, F3 (Popup, 34)
Batting: LHB Howard White 0-0: Called Strike
0-1: Ball
1-1: Ball
2-1: Ball
3-1: Base on Balls
Batting: LHB Juan Lima 0-0: Called Strike
0-1: Ball
Wild Pitch!
Howard White to second
1-1: Called Strike
1-2: Fly out, F9 (Flyball, 9M)
Batting: RHB Charlie Pérez 0-0: SINGLE (Line Drive, 4MD)
Howard White to third
Runner from 3rd tries for Home, SAFE, no throw or cutoff
Batting: RHB Carlos Uribe 0-0: Called Strike
0-1: Ball
1-1: Foul Ball, location: 2F
1-2: Ball
Charlie Pérez steals 2nd base
2-2: Ball
3-2: Base on Balls
Batting: RHB Cris Lugo 0-0: Ball
1-0: Ground out 4-3 (Groundball, 4)
Bottom of the 2nd over - 1 run(s), 1 hit(s), 0 error(s), 2 left on base; Quincy 5 - Yellowknife 1
TOP OF THE 3RD
Quincy Doughboys batting - Pitching for Yellowknife Claws : RHP Mario Díaz
Batting: LHB Mario Álvarez 0-0: Ball
1-0: Foul Ball, location: 2F
1-1: Swinging Strike
1-2: Strikes out swinging
Batting: RHB Miguel Cervantes 0-0: Called Strike
0-1: Ball
1-1: Called Strike
1-2: Ball
2-2: Ball
3-2: Strikes out swinging
Batting: RHB Ramón Gómez 0-0: Fly out, F9 (Flyball, 9LM)
Top of the 3rd over - 0 run(s), 0 hit(s), 0 error(s), 0 left on base; Quincy 5 - Yellowknife 1
BOTTOM OF THE 3RD
Yellowknife Claws batting - Pitching for Quincy Doughboys : RHP Leonardo De La Garza
Batting: SHB José Castillo 0-0: Ball
1-0: Ball
2-0: Foul Ball, location: 2F
2-1: Ball
3-1: Called Strike
3-2: Strikes out swinging
Batting: RHB Scotty Hicks 0-0: Ground out 4-3 (Groundball, 4S)
Batting: LHB Carter Sweet 0-0: Ball
1-0: Ball
2-0: DOUBLE (Groundball, 3D)
Batting: SHB Héctor Padilla 0-0: Ball
1-0: Called Strike
1-1: Ground out 1-3 (Groundball, 23)
Bottom of the 3rd over - 0 run(s), 1 hit(s), 0 error(s), 1 left on base; Quincy 5 - Yellowknife 1
TOP OF THE 4TH
Quincy Doughboys batting - Pitching for Yellowknife Claws : RHP Mario Díaz
Batting: RHB Clifton Sturt 0-0: Foul Ball, location: 2F
0-1: Ball
1-1: Ball
2-1: Foul Ball, location: 2F
2-2: Foul Ball, location: 2F
2-2: Foul Ball, location: 2F
2-2: Ball
3-2: Foul Ball, location: 2F
3-2: Fly out, F8 (Flyball, 8LD)
Batting: RHB Orlando Márquez 0-0: Called Strike
0-1: Ball
1-1: Swinging Strike
1-2: Foul Ball, location: 2F
1-2: Ground out 4-3 (Groundball, 4M)
Batting: RHB Joel García 0-0: Foul Ball, location: 2F
0-1: Foul Ball, location: 2F
0-2: Ball
1-2: Ball
2-2: Ball
3-2: Fly out, F9 (Flyball, 89M)
Top of the 4th over - 0 run(s), 0 hit(s), 0 error(s), 0 left on base; Quincy 5 - Yellowknife 1
BOTTOM OF THE 4TH
Yellowknife Claws batting - Pitching for Quincy Doughboys : RHP Leonardo De La Garza
Batting: LHB Howard White 0-0: Swinging Strike
0-1: Ball
1-1: Ball
2-1: SOLO HOME RUN (Flyball, 9LD) (Inside the Park)
Batting: LHB Juan Lima 0-0: Swinging Strike
0-1: Swinging Strike
0-2: Ground out 4-3 (Groundball, 34)
Batting: RHB Charlie Pérez 0-0: SINGLE (Groundball, 6)
Batting: RHB Carlos Uribe 0-0: Ball
Charlie Pérez steals 2nd base
1-0: Called Strike
1-1: Ground out 2-3 (Groundball, 2L)
Charlie Pérez to third
Batting: RHB Cris Lugo 0-0: Called Strike
0-1: Called Strike
0-2: Ball
1-2: Ball
2-2: Foul Ball, location: 2F
2-2: Fly out, F7 (Line Drive, 7LM)
Bottom of the 4th over - 1 run(s), 2 hit(s), 0 error(s), 1 left on base; Quincy 5 - Yellowknife 2
TOP OF THE 5TH
Quincy Doughboys batting - Pitching for Yellowknife Claws : RHP Mario Díaz
Batting: LHB Marv Gardner 0-0: Foul Ball, location: 2F
0-1: Called Strike
0-2: Strikes out swinging
Batting: RHB Pedro Sandoval 0-0: Called Strike
0-1: Ball
1-1: Foul Ball, location: 2F
1-2: Strikes out swinging
Batting: RHB Javier Martínez 0-0: Called Strike
0-1: Ball
1-1: Foul Ball, location: 2F
1-2: Ball
2-2: Ball
3-2: Ground out 6-3 (Groundball, 6)
Top of the 5th over - 0 run(s), 0 hit(s), 0 error(s), 0 left on base; Quincy 5 - Yellowknife 2
BOTTOM OF THE 5TH
Yellowknife Claws batting - Pitching for Quincy Doughboys : RHP Leonardo De La Garza
Batting: SHB José Castillo 0-0: Foul Ball, location: 2F
0-1: Ball
1-1: Foul Ball, location: 2F
1-2: Foul Ball, location: 2F
1-2: Ball
2-2: Fly out, F7 (Flyball, 78M)
Batting: RHB Scotty Hicks 0-0: Fly out, F8 (Flyball, 8LM)
Batting: LHB Carter Sweet 0-0: Called Strike
0-1: Called Strike
0-2: Ball
1-2: Ground out 6-3 (Groundball, 6)
Bottom of the 5th over - 0 run(s), 0 hit(s), 0 error(s), 0 left on base; Quincy 5 - Yellowknife 2
TOP OF THE 6TH
Quincy Doughboys batting - Pitching for Yellowknife Claws : RHP Mario Díaz
Batting: LHB Mario Álvarez 0-0: Ball
1-0: Ground out 4-3 (Groundball, 34)
Batting: RHB Miguel Cervantes 0-0: Ground out 6-3 (Groundball, 6M)
Batting: RHB Ramón Gómez 0-0: Ball
1-0: Ball
2-0: Swinging Strike
2-1: Swinging Strike
2-2: SINGLE (Line Drive, 56)
Batting: RHB Clifton Sturt 0-0: Ball
Ramón Gómez steals 2nd base
1-0: Foul Ball, location: 2F
1-1: Foul Ball, location: 2F
1-2: Foul Ball, location: 2F
1-2: Strikes out swinging
Top of the 6th over - 0 run(s), 1 hit(s), 0 error(s), 1 left on base; Quincy 5 - Yellowknife 2
BOTTOM OF THE 6TH
Yellowknife Claws batting - Pitching for Quincy Doughboys : RHP Leonardo De La Garza
Batting: SHB Héctor Padilla 0-0: Foul Ball, location: 2F
0-1: Foul Ball, location: 2F
0-2: Ground out 6-3 (Groundball, 6M)
Batting: LHB Howard White 0-0: Swinging Strike
0-1: Ball
1-1: Ball
2-1: Called Strike
2-2: Strikes out swinging
Batting: LHB Juan Lima 0-0: Foul Ball, location: 2F
0-1: Ball
1-1: Ball
2-1: Ball
3-1: Foul Ball, location: 2F
3-2: Strikes out looking
Bottom of the 6th over - 0 run(s), 0 hit(s), 0 error(s), 0 left on base; Quincy 5 - Yellowknife 2
TOP OF THE 7TH
Quincy Doughboys batting - Pitching for Yellowknife Claws : RHP Mario Díaz
Batting: RHB Orlando Márquez 0-0: Ball
1-0: Called Strike
1-1: Swinging Strike
1-2: Ball
2-2: Fly out, F9 (Flyball, 89M)
Batting: RHB Joel García 0-0: Swinging Strike
0-1: Ball
1-1: Ball
2-1: SOLO HOME RUN (Flyball, 78XD), Distance : 437 ft
Batting: LHB Marv Gardner 0-0: SINGLE (Line Drive, 3L)
Batting: RHB Pedro Sandoval 0-0: Ball
1-0: Ball
2-0: Called Strike
2-1: Called Strike
2-2: Fly out, F8 (Flyball, 8RM)
Batting: RHB Javier Martínez 0-0: Foul Ball, location: 2F
0-1: DOUBLE (Flyball, 78M)
Marv Gardner to third
Runner from 3rd tries for Home, throw and OUT!
Top of the 7th over - 1 run(s), 3 hit(s), 0 error(s), 1 left on base; Quincy 6 - Yellowknife 2
BOTTOM OF THE 7TH
Yellowknife Claws batting - Pitching for Quincy Doughboys : RHP Leonardo De La Garza
Pitching: LHP Bobby MacGruder
Batting: RHB Charlie Pérez 0-0: Ball
1-0: Ball
2-0: Reached on error, E6 (Groundball, 6)
Batting: RHB Carlos Uribe 0-0: Called Strike
0-1: Ball
1-1: Foul Ball, location: 2F
1-2: SINGLE (Flyball, 7S)
Charlie Pérez to third
Batting: RHB Cris Lugo 0-0: Ball
1-0: Called Strike
1-1: Swinging Strike
1-2: Foul Ball, location: 2F
1-2: Ball
2-2: Ball
3-2: Foul Ball, location: 2F
3-2: TRIPLE (Line Drive, 78M)
Charlie Pérez scores
Carlos Uribe scores
Batting: SHB José Castillo 0-0: Swinging Strike
0-1: Ball
1-1: Ball
2-1: Swinging Strike
2-2: Strikes out swinging
Batting: RHB Scotty Hicks 0-0: Ball
Wild Pitch!
Cris Lugo scores
1-0: Ball
2-0: Ball
3-0: Base on Balls
Pitching: RHP Barry Mitchell
Batting: LHB Carter Sweet 0-0: Ball
1-0: Ground out 4-3 (Groundball, 4M)
Scotty Hicks to second
Batting: SHB Héctor Padilla 0-0: Ball
1-0: Ball
2-0: Foul Ball, location: 2F
2-1: Foul Ball, location: 2F
2-2: Foul Ball, location: 2F
2-2: Ball
3-2: Foul Ball, location: 2F
3-2: Base on Balls
Batting: LHB Howard White 0-0: SINGLE (Line Drive, 4D)
Scotty Hicks to third
Héctor Padilla to second
Batting: LHB Juan Lima 0-0: Ball
1-0: Ball
2-0: Foul Ball, location: 2F
2-1: Ball
3-1: Swinging Strike
3-2: Fly out, F7 (Flyball, 7M)
Bottom of the 7th over - 3 run(s), 3 hit(s), 1 error(s), 3 left on base; Quincy 6 - Yellowknife 5
TOP OF THE 8TH
Quincy Doughboys batting - Pitching for Yellowknife Claws : RHP Mario Díaz
Batting: LHB Mario Álvarez 0-0: Ball
1-0: SOLO HOME RUN (Flyball, 9LD), Distance : 363 ft
Batting: RHB Miguel Cervantes 0-0: Foul Ball, location: 2F
0-1: SINGLE (Groundball, 6MD)
Batting: RHB Ramón Gómez 0-0: Sac Bunt - play at first, batter OUT! 1-4
Miguel Cervantes to second
Batting: RHB Clifton Sturt 0-0: Called Strike
0-1: Ball
1-1: Ball
2-1: Swinging Strike
2-2: Ball
3-2: Base on Balls
Pinch Hitting: LHB Guillermo Santos 0-0: Ball
1-0: Foul Ball, location: 2F
1-1: SINGLE (Groundball, 34D)
Miguel Cervantes to third
Clifton Sturt to second
Runner from 3rd tries for Home, SAFE, throw made home
Clifton Sturt to third
Guillermo Santos to second
Batting: RHB Joel García 0-0: 3-RUN HOME RUN (Flyball, 89XD), Distance : 411 ft
Batting: LHB Marv Gardner 0-0: Called Strike
0-1: Ground out U3 (Groundball, 3)
Batting: RHB Pedro Sandoval 0-0: Called Strike
0-1: Foul Ball, location: 2F
0-2: Ball
1-2: SINGLE (Line Drive, 5D)
Batting: RHB Javier Martínez 0-0: Ball
1-0: Called Strike
1-1: Fly out, F7 (Line Drive, 78M)
Top of the 8th over - 5 run(s), 5 hit(s), 0 error(s), 1 left on base; Quincy 11 - Yellowknife 5
BOTTOM OF THE 8TH
Yellowknife Claws batting - Pitching for Quincy Doughboys : RHP Barry Mitchell
Now at 3B: Júlio Contreras
Now in RF: Guillermo Santos
Batting: RHB Charlie Pérez 0-0: SINGLE (Line Drive, 78S)
Batting: RHB Carlos Uribe 0-0: Called Strike
0-1: Swinging Strike
0-2: Strikes out swinging
Batting: RHB Cris Lugo 0-0: Foul Ball, location: 2F
0-1: Fly out, F2 (Popup, 2RF)
Batting: SHB José Castillo 0-0: Ground out 5-3 (Groundball, 15S)
Bottom of the 8th over - 0 run(s), 1 hit(s), 0 error(s), 1 left on base; Quincy 11 - Yellowknife 5
TOP OF THE 9TH
Quincy Doughboys batting - Pitching for Yellowknife Claws : RHP Mario Díaz
Pitching: RHP Bob Bishop
Batting: LHB Mario Álvarez 0-0: SOLO HOME RUN (Line Drive, 8RD), Distance : 453 ft
Batting: RHB Miguel Cervantes 0-0: Called Strike
0-1: Ball
1-1: Ball
2-1: Foul Ball, location: 2F
2-2: Foul Ball, location: 2F
2-2: Ball
3-2: Base on Balls
Batting: RHB Ramón Gómez 0-0: Ball
1-0: Fielders Choice at 2nd, 5-4 (Groundball, 5L)
Batting: RHB Clifton Sturt 0-0: Called Strike
Ramón Gómez steals 2nd base
0-1: Ball
1-1: Ball
2-1: Swinging Strike
2-2: SINGLE (Flyball, 8LS)
Ramón Gómez to third
Runner from 3rd tries for Home, SAFE, no throw or cutoff
Batting: LHB Guillermo Santos 0-0: Ball
1-0: Foul Ball, location: 2F
1-1: Called Strike
1-2: Ball
Wild Pitch!
Clifton Sturt to second
2-2: Ball
3-2: Ground out U3 (Groundball, 3L)
Clifton Sturt to third
Batting: RHB Joel García 0-0: Ball
1-0: Ball
2-0: Called Strike
2-1: Foul Ball, location: 2F
2-2: Ball
3-2: Base on Balls
Batting: RHB Júlio Contreras 0-0: Fly out, F8 (Flyball, 8RM)
Top of the 9th over - 2 run(s), 2 hit(s), 0 error(s), 2 left on base; Quincy 13 - Yellowknife 5
BOTTOM OF THE 9TH
Yellowknife Claws batting - Pitching for Quincy Doughboys : RHP Barry Mitchell
Now at C: Wilson Ortíz
Batting: RHB Scotty Hicks 0-0: Ball
1-0: Ball
2-0: Foul Ball, location: 2F
2-1: Ground out 5-3 (Groundball, 56S)
Batting: LHB Carter Sweet 0-0: Called Strike
0-1: Ball
1-1: Ball
2-1: Swinging Strike
2-2: Ball
3-2: Strikes out swinging
Batting: SHB Héctor Padilla 0-0: Fly out, F9 (Flyball, 89XD)
Bottom of the 9th over - 0 run(s), 0 hit(s), 0 error(s), 0 left on base; Quincy 13 - Yellowknife 5
Monday, December 5th, 2016 - OOTP Baseball 17.12 Build 75